 Dungeon Crawl Stone Soup version 0.27-a0-78-g75406f0b48 (webtiles) character file.

Game seed: 1496612670524097308

1929 dickylongcocking the Destroyer (level 8, -3/31 HPs)
             Began as a Felid Conjurer on Jan 14, 2021.
             Was an Initiate of Gozag.
             Slain by an unseen horror (9 damage)
             ... on level 8 of the Dungeon.
             The game lasted 00:19:02 (10701 turns).

dickylongcocking the Destroyer (Felid Conjurer)    Turns: 10701, Time: 00:19:02

Health: -3/31      AC:  2    Str:  3    XL:     8   Next: 96%
Magic:  0/12       EV: 17    Int: 23    God:    Gozag
Gold:   872        SH:  5    Dex: 14    Spells: 8/11 levels left
                                        Lives:  0   Deaths: 2

rFire    . . .     SeeInvis +   (weapon unavailable)
rCold    . . .     Faith    .   (shield unavailable)
rNeg     . . .     Spirit   .   (armour unavailable)
rPois    .         Reflect  +   (helmet unavailable)
rElec    .         Harm     .   (cloak unavailable)
rCorr    .         Rampage  .   (gloves unavailable)
Will     +....                  (boots unavailable)
Stlth    +++.......             k - amulet of reflection
HPRegen  0.10/turn              (no ring)
MPRegen  0.13/turn              (no ring)

@: quick
A: very small, no armour, no weapons or thrown items, stealth, claws 1, fangs 3,
see invisible, speed 1, shaggy fur 2, sharp paws
a: Renounce Religion, Potion Petition, Call Merchant, Bribe Branch


You were on level 8 of the Dungeon.
You worshipped Gozag.
Gozag was pleased with you.
You visited 1 branch of the dungeon, and saw 8 of its levels.
You also visited: Sewer.

You collected 922 gold pieces.
You paid 50 gold pieces to Gozag.

Inventory:

Jewellery
 h - an uncursed ring of poison resistance {unknown}
 k - an amulet of reflection (around neck)
 m - an uncursed ring of protection from cold {unknown}
 t - an uncursed amulet of regeneration
Wands
 w - a wand of enslavement (1)
Scrolls
 a - 7 scrolls of remove curse
 b - a scroll of random uselessness
 c - a scroll of amnesia
 f - 7 scrolls of identify {unknown}
 g - a scroll of fog
 l - 6 scrolls of fear
 q - a scroll of blinking {unknown}
 s - 3 scrolls of magic mapping {unknown}
 u - 3 scrolls of immolation {unknown}
Potions
 d - 7 potions of curing
 e - a potion of attraction
 i - a potion of magic
 j - 2 potions of flight {unknown}
 n - a potion of resistance
 o - 3 potions of might {unknown}
 p - 5 potions of heal wounds {unknown}
 r - a potion of degeneration {unknown}
 v - 2 potions of brilliance {unknown}
 x - a potion of mutation {unknown}
 z - a potion of ambrosia {unknown}


   Skills:
 - Level 2.6 Dodging
 - Level 2.6 Stealth
 - Level 2.0 Spellcasting
 * Level 13.4 Conjurations


You had 8 spell levels left.
You knew the following spells:

 Your Spells              Type           Power        Failure   Level
a - Magic Dart            Conj           100%         1%          1
b - Searing Ray           Conj           100%         1%          2

Your spell library contained the following spells:

 Spells                   Type           Power        Failure   Level
 Dazzling Flash           Conj/Hex       66%          2%          3
 Fulminant Prism          Conj/Hex       16%          9%          4
 Iskenderun's Mystic Bla  Conj/Tloc      33%          9%          4


Dungeon Overview and Level Annotations

Branches:
Dungeon (8/15)             Temple (0/1) D:7           Sewer (visited)
   Lair: D:8-11

Altars:
Cheibriados
Gozag
Makhleb
Okawaru
Qazlal

Shops:
D:7 (


Innate Abilities, Weirdness & Mutations

You cannot wear armour.
You are incapable of wielding weapons or throwing items.
Your paws allow you to move quietly. (Stealth)
You have sharp claws.
You have razor-sharp teeth.
You have supernaturally acute eyesight. (SInv)
You cover ground quickly.
You are covered in thick fur. (AC +2)
Your sharp claws are effective at attacking unaware monsters.


Message History

You scratch your unseen horror.
The unseen horror is no longer charmed.
The unseen horror is almost dead.
The unseen horror hits you.
Unknown command.
You barely miss the unseen horror.
You bite the unseen horror, but do no damage.
The unseen horror is almost dead.
The unseen horror hits you.
* * * LOW HITPOINT WARNING * * *
Unknown command.
Casting: Magic Dart (safe; 1% risk of failure)
Confirm with . or Enter, or press ? or * to list all spells.
Aiming: Magic Dart (safe; 1% risk of failure)
Press: ? - help, Shift-Dir - straight line, f/p - unseen horror
Aim: an unseen horror (almost dead, slightly transparent, 0% to evade)
The magic dart hits the unseen horror but does no damage.
The unseen horror is almost dead.
The unseen horror hits you!
You die...
Your body crumbles into a pile of gold.

.. .## .#. ... #######
... .. #.....# .# #.#
.## #.....# .####.##..
#.....##.##.....#####
#........##.........#
#........##.....#####≈
#....@x.........#...#≈
#......#.##.....#.###≈
#......#....#.#.#.#
#......####.#...#.#
#......# #.#.###.#
######.####.#.....#
##...........####
#.....#####..#######
#............##.....


You could see an unseen horror (invisible).

Vanquished Creatures
  A two-headed ogre (D:8)
  A gargoyle (D:6)
  The ghost of tatocazan the Covert, a novice OpBr (D:6)
  Prince Ribbit (D:7)
  Eustachio (D:6)
  3 phantoms
  2 sky beasts (D:6)
  2 orc warriors
  2 ogres
  2 centaurs
  3 big kobolds (Sewer)
  A bullfrog (D:6)
  A spectral wyvern (D:6)
  A scorpion (D:4)
  4 wights (D:8)
  A howler monkey (D:8)
  A spectral centaur (D:6)
  A bullfrog zombie (D:7)
  3 jellies
  Crazy Yiuf (D:2)
  2 orc priests
  An iron imp (D:6)
  A quasit (D:6)
  2 centaur skeletons
  A hound (D:4)
  An iguana (D:8)
  5 orc wizards
  7 worker ants
  A killer bee zombie (D:5)
  A howler monkey zombie (D:8)
  A worker ant zombie (D:6)
  16 adders
  A river rat (Sewer)
  2 shadow imps
  2 white imps
  2 oozes
  A spectral adder (D:6)
  9 worms
  2 dart slugs (D:1)
  6 leopard geckos
  14 orcs
  6 ball pythons
  8 bats
  5 giant cockroaches
  8 goblins
  4 hobgoblins
  12 jackals
  2 quokkas (D:4)
  5 frilled lizards
  A giant cockroach zombie (D:5)
  2 jackal skeletons (D:5)
  12 kobolds
  A leopard gecko skeleton (D:5)
  A quokka skeleton (D:7)
  10 rats
188 creatures vanquished.

Vanquished Creatures (collateral kills)
  An orc wizard (D:6)
  An orc (D:6)
2 creatures vanquished.

Grand Total: 190 creatures vanquished

Notes
Turn   | Place    | Note
-------+----------+-------------------------------------------
     0 | D:1      | dickylongcocking the Felid Conjurer began the quest for the
                  | Orb.
     0 | D:1      | Reached XP level 1. HP: 7/7 MP: 4/4
   191 | D:1      | Reached skill level 4 in Conjurations
   388 | D:1      | Reached XP level 2. HP: 11/11 MP: 6/6
  1218 | D:2      | Reached XP level 3. HP: 14/14 MP: 1/7
  1414 | D:2      | Learned a level 2 spell: Searing Ray
  1752 | D:2      | Found a runed translucent door.
  1753 | D:2      | Noticed Crazy Yiuf
  1840 | D:2      | Reached skill level 5 in Conjurations
  1973 | D:2      | Reached XP level 4. HP: 18/18 MP: 3/8
  2375 | D:2      | Killed Crazy Yiuf
  2920 | D:3      | Reached XP level 5. HP: 21/21 MP: 2/9
  3115 | D:3      | Reached skill level 6 in Conjurations
  3419 | D:3      | Found an iron altar of Okawaru.
  3766 | D:4      | Found a glowing drain.
  3770 | Sewer    | Entered a sewer
  3971 | Sewer    | Gained mutation: You are covered in thick fur. (AC +2)
                  | [Felid growth]
  3971 | Sewer    | Reached XP level 6. HP: 24/24 MP: 7/10
  4034 | Sewer    | Reached skill level 7 in Conjurations
  4397 | Sewer    | Reached XP level 7. HP: 27/27 MP: 0/11
  5077 | D:4      | Reached skill level 8 in Conjurations
  5493 | D:4      | Found an opulent altar of Gozag.
  5510 | D:4      | Became a worshipper of Gozag Ym Sagoz the Greedy
  5867 | D:5      | Entered Level 5 of the Dungeon
  6199 | D:5      | Found a burning altar of Makhleb.
  6448 | D:5      | Reached skill level 9 in Conjurations
  6932 | D:6      | Reached XP level 8. HP: 24/31 MP: 3/12
  7291 | D:6      | Found a runed translucent gate.
  7291 | D:6      | Found a runed translucent gate.
  7296 | D:6      | Found a runed translucent gate.
  7296 | D:6      | Noticed tatocazan's ghost (novice OpBr)
  7356 | D:6      | Reached skill level 10 in Conjurations
  7747 | D:6      | Found a snail-covered altar of Cheibriados.
  7800 | D:6      | Noticed Eustachio
  8075 | D:6      | Killed Eustachio
  8488 | D:6      | Mangled by a spectral wyvern
  8489 | D:6      | Reached XP level 7. HP: -6/24 MP: 1/11
  8503 | D:6      | Reached skill level 11 in Conjurations
  8552 | D:6      | Killed tatocazan's ghost
  8553 | D:6      | Reached XP level 8. HP: 31/31 MP: 8/12
  8631 | D:7      | Noticed Prince Ribbit
  8638 | D:7      | Noticed a gargoyle
  8741 | D:7      | Found Retsuj's Antique Weapon Shop.
  8756 | D:6      | Killed a gargoyle
  8800 | D:7      | Killed Prince Ribbit
  8801 | D:7      | Reached skill level 12 in Conjurations
  8840 | D:7      | Found a staircase to the Ecumenical Temple.
  9042 | D:7      | Reached XP level 9. HP: 21/34 MP: 7/13
  9353 | D:7      | Found a burning altar of Makhleb.
  9362 | D:7      | Found a stormy altar of Qazlal.
  9847 | D:8      | Noticed a two-headed ogre
  9871 | D:8      | Killed a two-headed ogre
  9872 | D:8      | Reached skill level 13 in Conjurations
 10001 | D:8      | Shot with an arrow by a centaur
 10002 | D:8      | Reached XP level 8. HP: -8/31 MP: 3/12
 10680 | D:8      | Noticed an unseen horror
 10701 | D:8      | Slain by an unseen horror

Illustrated notes

Levels and vault maps discovered:
D:1:      dpeg_arrival_court, layout_loops_ring
D:2:      layout_rooms, minmay_misc_feat_hallway, uniq_crazy_yiuf_cottage
D:3:      layout_basic, lemuel_zombie_altar_yredelemnul,
          kennysheep_okawaru_gauntlet
D:4:      layout_basic, gup_sewer_entry_bowl, minivault_1,
          grunt_decor_one_mirror, kennysheep_flooded_box,
          nicolae_gozag_cash_rules_everything_around_me
D:5:      layout_loops_cross, bloody_makhleb
D:6:      layout_basic, slow_altar_1, gammafunk_ghost_necromancy,
          hangedman_decor_riveting, minmay_statues_item, uniq_eustachio
D:7:      layout_gridville, kennysheep_mini_moat,
          nicolae_qazlal_general_emergency, minmay_temple_entry_overgrown,
          serial_shops, shop_fountains, uniq_prince_ribbit1
D:8:      layout_basic, serial_aquarium, aquarium_bridge_square
          [aquarium_subvault_bridge, aquarium_subvault_window,
          aquarium_subvault_balcony, aquarium_subvault_bridge],
          aquarium_window_fake, aquarium_window_1, aquarium_window_1,
          aquarium_view_2d, aquarium_balcony_1b, aquarium_pool_side

Skill      XL: |  1  2  3  4  5  6  7  8  9 |
---------------+----------------------------+-----
Conjurations   | 4 5 6 7 11 12 13 | 13.4
Dodging        | |  2.6
Stealth        | |  2.6
Spellcasting   | |  2.0

Action                   |  1- 3 |  4- 6 |  7- 9 || total
-------------------------+-------+-------+-------++-------
Melee: Unarmed           |    29 |    24 |    70 ||   123
       Bite              |       |       |     3 ||     3
 Cast: Magic Dart        |    50 |     5 |     6 ||    61
       Searing Ray       |     9 |    49 |   138 ||   196
Evoke: Wand              |       |       |     5 ||     5
  Use: Potion            |       |     5 |     1 ||     6
       Scroll            |       |       |     7 ||     7
 Stab: Sleeping          |     5 |       |     8 ||    13
Armor: Skin              |     6 |    14 |    26 ||    46
Dodge: Dodged            |    39 |    35 |   153 ||   227
Block: Other             |    12 |    13 |     8 ||    33

Table legend: (Time is in decaauts)
 A = Elapsed time spent in this place.
 B = Non-inter-level travel time spent in this place.
 C = Inter-level travel time spent in this place.
 D = Time resting spent in this place.
 E = Time spent auto-exploring this place.
 F = Levels seen in this place.
 G = Mean time per level.
                   A        B        C        D        E       F      G
               +--------+--------+--------+--------+--------+-----+--------+
         Total |   9715 |   9540 |    175 |   1121 |   6766 |   9 | 1079.4 |
       Dungeon |   8791 |   8616 |    175 |   1031 |   6167 |   8 | 1098.9 |
         Sewer |    923 |    923 |      0 |     90 |    598 |   1 |  923.0 |
               +--------+--------+--------+--------+--------+-----+--------+

Top non-repeatable levels by time:
     D:6: 1806 daAuts
     D:2: 1270 daAuts
     D:4: 1181 daAuts
     D:3: 1119 daAuts
     D:1: 965 daAuts
   Sewer: 923 daAuts
     D:8: 848 daAuts
     D:7: 819 daAuts
     D:5: 779 daAuts
